 Dungeon Crawl Stone Soup version 0.31.0-12-g77e489cdc1 (webtiles) character file.

Game seed: 9685398053631390177

135 H0rd4k the Insei (level 5, -3/35 HPs)
             Began as an Octopode Artificer on Feb 23, 2024.
             Slain by a cerulean imp
             ... wielding a +2 spear
             ... summoned by Natasha
              (5 damage)
             ... on level 3 of the Dungeon.
             The game lasted 00:01:34 (1806 turns).

H0rd4k the Insei (Octopode Artificer)               Turns: 1806, Time: 00:01:35

Health: -3/35      AC:  1    Str: 11    XL:     5   Next: 18%
Magic:  5/5        EV: 13    Int: 16    God:
Gold:   64         SH:  0    Dex: 12    Spells: 4/4 levels left

rFire   . .          .
                       - Unarmed
rCold   . . .        (no shield)
rNeg    . . .        (helmet restricted)
rPois   .            (no amulet)
rElec   .            (no ring)
rCorr   .            (no ring)
SInv    .            (no ring)
Will    .....        (no ring)
Stlth   +++          (no ring)
HPRegen 0.25/turn    (no ring)
MPRegen 0.09/turn    (no ring)
                     (no ring)

%: no passive effects
@: lethally poisoned (-3 -> -8)
A: almost no armour, amphibious, 8 rings, camouflage 1, gelatinous body 1,
(nimble swimmer 1), tentacles
a: no special abilities


You were on level 3 of the Dungeon.
You visited 1 branch of the dungeon, and saw 3 of its levels.

You collected 64 gold pieces.

Inventory:

Wands
 b - a wand of flame (14) (quivered)
 c - a wand of charming (14)
 d - a wand of iceblast (5)
Scrolls
 a - a scroll of enchant weapon {unknown}
 g - 3 scrolls of identify {unknown}
 i - a scroll of revelation {unknown}
 j - a scroll of amnesia {unknown}
 k - a scroll of teleportation {unknown}
 l - a scroll of fear {unknown}
Potions
 e - 2 potions of invisibility {unknown}
 f - a potion of enlightenment {unknown}
 h - a potion of lignification {unknown}


   Skills:
 + Level 2.6 Fighting
 - Level 2.3 Dodging
 - Level 1.3 Stealth
 + Level 3.8 Unarmed Combat
 - Level 3.2 Evocations


You had 4 spell levels left.
You didn't know any spells.
Your spell library contained the following spells:

 Spells                   Type           Power      Damage    Failure   Level
 Sting                    Conj/Alch      0%         1d3       26%         1
 Mercury Vapours          Alch/Air       0%         N/A       36%         2
 Olgreb's Toxic Radiance  Alch           0%         N/A       94%         4


Dungeon Overview and Level Annotations

Branches:
Dungeon (3/15)

Altars:

Annotations:
D:3 Natasha


Innate Abilities, Weirdness & Mutations

You cannot wear most types of armour.
You are amphibious.
You can wear up to eight rings at the same time.
Your skin changes colour to match your surroundings (Stealth+).
Your rubbery body absorbs attacks. (AC +1, EV +1)
((You are camouflaged when in or above water. (Stealth+)))
You have tentacles for arms and can constrict up to eight enemies at once.


Message History

You barely miss the cerulean imp.
The endoplasm quivers.
You grab the cerulean imp.
The cerulean imp is moderately wounded.
You constrict the cerulean imp, but do no damage.
The goblin hits you with a +2 dagger of venom.
You are poisoned.
The cerulean imp hits you with a +2 spear.
You release your grip on the cerulean imp.
You feel sick. The goblin attacks as it pursues you!
The goblin hits you with a +2 dagger of venom.
You are more poisoned.
The cerulean imp misses you.
You feel very sick.
Natasha mumbles some strange words.
The goblin completely misses you.
You feel very sick.
You see here a giant cockroach corpse.
You feel very sick.
Natasha casts a spell.
The goblin attacks as it pursues you! The goblin barely misses you.
Aiming: Charm
Press: ? - help, Shift-Dir - straight line, f - goblin
Aim: a goblin, wielding a +2 dagger of venom (chance to affect: 73%)
The goblin is charmed.
You feel sick.
The cerulean imp hits you from afar with a +2 spear!
* * * LOW HITPOINT WARNING * * *
Unknown command.
What are your orders? t - Shout!
Orders for allies: a - Attack new target. p - Attack previous target. r - Retreat! s - Stop attacking. g - Guard the area. f - Follow me.
Anything else - Cancel.
Guard this area!
* * * LOW HITPOINT WARNING * * *
You feel sick.
The cerulean imp hits you but does no damage.
The cerulean imp hits you from afar with a +2 spear.
You die...

# #.......##...# .....
###########...# .......
#.............#
.......####.#########...#
.......##.......# #####
... ..##.......#
#####.##.##.......##
...?....5##...........
........5g@........[[.
......Jh5##...........
.............#####$##.
........#....... .#
.......r#....... #
......?.#.......#
........#.......#
........#.......#
........######.#


You could see Natasha, 3 cerulean imps, an endoplasm and a friendly goblin
(charmed, wandering).

Vanquished Creatures
  A bombardier beetle (D:3)
  Robin (D:2)
  4 adders
  3 dart slugs
  A ribbon worm (D:2)
  3 bats
  An endoplasm (D:1)
  A giant cockroach (D:3)
  5 goblins (D:2)
  6 hobgoblins
  8 kobolds
  2 quokkas (D:2)
  5 ball pythons
  5 frilled lizards (D:1)
  4 rats
50 creatures vanquished.

Notes
Turn   | Place    | Note
-------+----------+-------------------------------------------
     0 | D:1      | H0rd4k the Octopode Artificer began the quest for the Orb.
     0 | D:1      | Reached XP level 1. HP: 13/13 MP: 1/1
   136 | D:1      | Reached skill level 1 in Unarmed Combat
   136 | D:1      | Reached XP level 2. HP: 17/18 MP: 2/2
   773 | D:2      | Reached XP level 3. HP: 17/24 MP: 3/3
  1057 | D:2      | Noticed Robin
  1063 | D:2      | Killed Robin
  1064 | D:2      | Reached XP level 4. HP: 11/29 MP: 4/4
  1549 | D:3      | Found a faded altar of an unknown god.
  1706 | D:3      | Reached XP level 5. HP: 24/35 MP: 5/5
  1796 | D:3      | Noticed Natasha
  1806 | D:3      | Slain by a cerulean imp

Illustrated notes

Levels and vault maps discovered:
D:1:      ebering_trefoil_3fold, layout_basic
D:2:      minmay_evil_eye, layout_basic, uniq_robin
D:3:      layout_basic, nicolae_ecumenical_lake_church, uniq_natasha

Skill      XL: |  1  2  3  4 |
---------------+-------------+-----
Unarmed Combat | 1 2 3 |  3.8
Fighting       | 2 |  2.6
Dodging        | |  2.3
Stealth        | |  1.3
Evocations     | |  3.2

Action                     |  1- 3 |  4- 6 || total
---------------------------+-------+-------++-------
  Melee: Unarmed           |    86 |    41 ||   127
         Tentacles         |    19 |     9 ||    28
         Constrict         |    21 |    13 ||    34
         Punch             |     1 |     1 ||     2
  Evoke: Wand              |     1 |     1 ||     2
   Stab: Sleeping          |     9 |     3 ||    12
 Armour: Skin              |    34 |    21 ||    55
  Dodge: Dodged            |    61 |    22 ||    83
